 Dungeon Crawl Stone Soup version 0.29-a0-297-g7659ce593d (webtiles) character file.

Game seed: 1305047960429564201

1323 Leszczynek the Cleaver (level 8, -2/62 HPs)
             Began as a Human Gladiator on Mar 21, 2022.
             Was a Follower of Zin.
             Killed by divine providence
             ... invoked by an orc priest
              (15 damage)
             ... on level 8 of the Dungeon.
             The game lasted 00:17:40 (2254 turns).

Leszczynek the Cleaver (Human Gladiator)            Turns: 2254, Time: 00:17:40

Health: -2/62      AC: 15    Str: 15 (16) XL:     8   Next: 90%
Magic:  10/10      EV: 10    Int:  8 (9)  God:    Zin [*.....]
Gold:   152        SH:  0    Dex: 13 (15) Spells: 7/7 levels left

rFire   . . .      SeeInvis .   a - +0 war axe
rCold   + . .      Faith    .   (no shield)
rNeg    . . .      Spirit   .   k - +7 Kryia's mail coat {PotionHeal*2 rC+}
rPois   .          Reflect  .   c - +0 helmet
rElec   .          Harm     .   (no cloak)
rCorr   .          Rampage  .   n - +0 pair of gloves
Will    +....                   (no boots)
Stlth   ..........              (no amulet)
HPRegen 0.20/turn               h - ring of willpower
MPRegen 0.12/turn               (no ring)

@: on berserk cooldown
A: no striking features
a: Renounce Religion, Recite, Donate Gold


You were on level 8 of the Dungeon.
You worshipped Zin.
Zin was aware of your devotion.
You visited 2 branches of the dungeon, and saw 10 of its levels.

You collected 168 gold pieces.
You donated 16 gold pieces to Zin.

Inventory:

Hand Weapons
 a - a +0 war axe (weapon)
 g - a +0 halberd
Missiles
 e - 15 poisoned darts (quivered)
 s - a throwing net
 v - a javelin
Armour
 c - a +0 helmet (worn)
 k - the +7 Kryia's mail coat (worn) {PotionHeal*2 rC+}
   (You found it on level 3 of the Dungeon)

   Potions are twice as effective at healing its wearer.
   rC:        It protects you from cold.
 n - a +0 pair of gloves (worn)
 q - +0 steam dragon scales
Jewellery
 h - a ring of willpower (left hand)
Wands
 f - a wand of paralysis (3)
Scrolls
 b - a scroll of acquirement {unknown}
 d - 2 scrolls of blinking {unknown}
 i - 5 scrolls of teleportation
 m - 2 scrolls of identify {unknown}
 o - 2 scrolls of enchant weapon {unknown}
 p - 2 scrolls of silence {!r}
 r - a scroll of magic mapping {unknown}
 t - a scroll of amnesia {unknown}
 x - a scroll of vulnerability {unknown}
Potions
 w - a potion of degeneration


   Skills:
 - Level 5.1 Fighting
 * Level 8.8 Axes
 - Level 2.0 Throwing
 - Level 3.0 Dodging
 + Level 3.7 Invocations


You had 7 spell levels left.
You didn't know any spells.
Your spell library contained the following spells:

 Spells                   Type           Power      Damage    Failure   Level
 Sublimation of Blood     Necr           0%         N/A       95%         2
 Ozocubu's Armour         Ice            0%         N/A       99%         3
 Stone Arrow              Conj/Erth      0%         3d7       99%         3
 Animate Armour           Summ/Erth      0%         N/A       100%        4
 Petrify                  Tmut/Erth      0%         N/A       100%        4
 Summon Lightning Spire   Summ/Air       0%         N/A       100%        4
 Irradiate                Conj/Tmut      0%         3d13      100%        5
 Ozocubu's Refrigeration  Ice            0%         4d5       100%        7
 Storm Form               Tmut/Air       0%         N/A       100%        7
 Lehudib's Crystal Spear  Conj/Erth      0%         10d2      100%        8
 Maxwell's Capacitive Co  Air            0%         ∞         100%        8


Dungeon Overview and Level Annotations

Branches:
Dungeon (9/15)             Temple (1/1) D:4            Lair (0/6) D:8
    Orc: D:9-12

Altars:
Ashenzari
Dithmenos
Fedhas
Gozag
Hepliaklqana
Kikubaaqudgha
Makhleb
Nemelex Xobeh
Qazlal
Ru
Trog
Uskayaw
Vehumet
Yredelemnul
Zin


Message History

The orc wizard drinks a potion.
The orc wizard seems to speed up.
The orc priest closely misses you.
The orc priest hits you but does no damage.
You hit the orc priest.
The orc priest is lightly wounded.
You float gracefully downwards.
A bullfrog comes into view.
The orc wizard mumbles some strange words.
The orc wizard flickers and vanishes!
Deactivating autopickup; reactivate with Ctrl-A.
You barely miss something. You closely miss the orc priest.
You feel yourself speed up. Something hits you but does no damage.
The orc priest hits you but does no damage.
You hear some strange, mumbled words.
A magic dart appears from out of thin air!
The magic dart hits you.
The orc priest invokes the aid of Beogh against you.
Pain shoots through your body! Something hits you.
You slash something!
You hit the orc priest but do no damage.
Something hits you but does no damage.
The orc priest hits you but does no damage.
Unknown command.
You hit something. You barely miss the orc priest.
You are ready to recite again.
You hear some strange, mumbled words.
A magic dart appears from out of thin air!
The magic dart hits you.
* * * LOW HITPOINT WARNING * * *
The orc priest mumbles some strange prayers to Beogh against you.
You resist with some effort. Something hits you but does no damage.
You hit the orc priest.
The orc priest is heavily wounded.
You slash something!
Reactivating autopickup.
You feel a bit more experienced.
The orc priest calls down the wrath of Beogh upon you.
Beogh smites you!
You die...

.K..!KK...........
.....K.>.........
......#######...#
...?.#...≈...#..##
.... #...#.)...####
##....##PP.##......=.
# #...P.P)).#..####
#≈..PPP..≈# #.#
#..PPPP..@# .<
....##P.P##oF.# # #..
#...#.....# #.
...≈...#..#.# #
.####### ... .# #.#.
.# #.#. . #.#.


You could see a bullfrog and an orc priest.

Vanquished Creatures
  Maggie (D:7)
  Menkaure (D:7)
  A steam dragon (D:7)
  2 water moccasins
  2 ogres
  A phantom (D:5)
  A kobold brigand (D:8)
  A necrophage (D:5)
  A scorpion (D:6)
  2 hounds (D:4)
  3 jellies
  An iguana (D:4)
  An orc wizard (D:8)
  4 gnolls
  3 white imps
  An ufetubus (D:4)
  2 worms
  3 dart slugs
  An orc (D:6)
  4 bats
  8 endoplasms
  3 giant cockroaches (D:1)
  5 goblins
  9 hobgoblins
  2 quokkas
  7 ball pythons
  4 frilled lizards
  14 kobolds
  2 rats
90 creatures vanquished.

Notes
Turn   | Place    | Note
-------+----------+-------------------------------------------
     0 | D:1      | Leszczynek the Human Gladiator began the quest for the Orb.
     0 | D:1      | Reached XP level 1. HP: 16/16 MP: 1/1
    30 | D:1      | Reached XP level 2. HP: 16/22 MP: 2/2
    96 | D:1      | HP: 4/22 [giant cockroach (1)]
   236 | D:1      | Reached skill level 4 in Axes
   236 | D:1      | Reached XP level 3. HP: 14/27 MP: 3/3
   424 | D:2      | each monster takes 6-8 HP
   424 | D:2      | great
   507 | D:2      | You fall into a shaft and drop 2 floors!
   513 | D:4      | boy do i love shafts
   553 | D:4      | Found an ancient bone altar of Kikubaaqudgha.
   652 | D:3      | Found the +7 Kryia's mail coat {PotionHeal*2 rC+}
   652 | D:3      | Found a stormy altar of Qazlal.
   652 | D:3      | Found a hide-covered altar of Uskayaw.
   656 | D:3      | huh
   674 | D:3      | Reached XP level 4. HP: 31/33 MP: 4/4
   681 | D:4      | Noticed a phantom
   716 | D:2      | Found a glowing silver altar of Zin.
   938 | D:1      | Reached skill level 5 in Axes
  1071 | D:4      | Reached XP level 5. HP: 22/38 MP: 5/5
  1071 | D:4      | Noticed an orc warrior
  1204 | D:4      | Reached skill level 6 in Axes
  1231 | D:5      | Entered Level 5 of the Dungeon
  1240 | D:5      | Noticed a phantom
  1263 | D:5      | Killed a phantom
  1264 | D:5      | Reached skill level 3 in Fighting
  1264 | D:5      | Reached XP level 6. HP: 30/47 MP: 6/6
  1393 | D:5      | Noticed an ogre
  1405 | D:5      | Killed an ogre
  1406 | D:5      | Reached skill level 4 in Fighting
  1424 | D:5      | Reached XP level 7. HP: 46/55 MP: 7/7
  1494 | D:7      | Noticed a steam dragon
  1620 | D:4      | Found a staircase to the Ecumenical Temple.
  1643 | Temple   | Entered the Ecumenical Temple
  1676 | Temple   | hm
  1678 | Temple   | Became a worshipper of Zin the Law-Giver
  1747 | D:4      | Reached * piety under Zin
  1781 | D:7      | Noticed a water moccasin
  1796 | D:6      | Killed a water moccasin
  1797 | D:6      | Reached skill level 5 in Fighting
  1797 | D:6      | Reached skill level 7 in Axes
  1879 | D:7      | Killed a steam dragon
  1880 | D:7      | Reached skill level 1 in Invocations
  1880 | D:7      | Reached XP level 8. HP: 29/62 MP: 7/9
  1924 | D:6      | Ouch! That really hurt!
  1924 | D:6      | HP: 3/62 [ogre/+0 giant spiked club (31)]
  1932 | D:6      | :)
  1955 | D:7      | why did i lose piety again?
  1978 | D:7      | Noticed Maggie
  1992 | D:7      | Reached skill level 2 in Invocations
  1993 | D:7      | Noticed Menkaure
  2003 | D:7      | Killed Menkaure
  2012 | D:7      | Killed Maggie
  2013 | D:7      | Reached skill level 8 in Axes
  2013 | D:7      | Reached skill level 3 in Invocations
  2176 | D:9      | HP: 5/62 [acid dragon/splash of acid (15)]
  2207 | D:8      | Found a staircase to the Lair.
  2254 | D:8      | Killed from afar by an orc priest

Illustrated notes #.#.###...<# #..........# w......####...# ####.## #...#####..# #. #........... #. ##..######## #. #..# ####.#######.)# #....@........# #.##.#######.## #. #.# #. ..# .# #### . .. ## Turn 424 on D:2: each monster takes 6-8 HP # .. .# .# ### .# .....######.# #....@..# #.####.## # .# ># .# ## Turn 513 on D:4: boy do i love shafts #.. ... # >. ##_## ##.# # 8.(.8## #.. .. .....####.###.# .....8#.#.@...### .....##>.......... 8...8#######...### ##_ ...# ..# ### Turn 656 on D:3: huh

≈≈≈≈≈≈ ≈≈≈≈≈≈≈≈≈≈≈≈≈≈≈
≈≈≈≈≈≈≈ ≈≈≈≈...≈≈≈≈≈≈≈≈
≈≈≈≈≈≈≈.
≈≈≈.._..≈≈≈≈≈≈≈≈≈≈≈≈≈≈..
≈≈≈.....≈≈≈≈≈≈≈≈≈≈≈≈≈≈..
≈≈≈≈._._.≈≈≈≈≈≈≈≈≈≈≈≈≈≈..
≈≈≈≈.....≈≈≈≈≈≈≈≈≈≈≈≈≈≈..
≈≈≈≈≈.._..≈≈≈≈≈≈≈≈≈≈≈≈≈≈..
≈≈≈≈≈....@≈≈≈≈≈≈≈≈≈≈≈≈≈≈..
≈≈≈≈≈.._...≈≈≈≈≈≈≈≈≈≈≈≈...
≈≈≈≈≈.....................
≈≈≈≈≈._._.................
≈≈≈≈≈.....................
≈≈≈≈≈.._...≈≈≈≈≈≈≈≈≈≈≈≈...
≈≈≈≈≈.....≈≈≈≈≈≈≈≈≈≈≈≈≈≈..
≈≈≈≈≈.._..≈≈≈≈≈≈≈≈≈≈≈≈≈≈..
≈≈≈≈≈.....≈≈≈≈≈≈≈≈≈≈≈≈≈≈..


Turn 1676 on Temple: hm #.# #.# #.. ..# #.# #.# #.# ######>#### ........@..#
.########..# ..# ..# ..# ..# ..# ..# Turn 1932 on D:6: :) #.#. #.#.######### ..#
...........# #..# #.#.......# #..# #.........# #..# #.........## #..
#..........# #.### #..#.......##.###.#.# #..#.....@.##)#<...#
..#.......##.###.####.# # ..#<..................# #.##.#.#.#.....#######.#.#
...#.#.+.....+ .. #######.#.###.....######## ## .<..........#.#...........
.######.#.#.#.#.########## #.......#.# Turn 1955 on D:7: why did i lose piety
again?

Levels and vault maps discovered:
D:1:      zaba_arrival_water, layout_rooms, basic_ecumenical_altar
D:2:      layout_loops_ring, basic_altar, serial_aquarium,
          aquarium_bridge_square [aquarium_subvault_bridge,
          aquarium_subvault_wall, aquarium_subvault_bridge,
          aquarium_subvault_wall], aquarium_bridge_square
          [aquarium_subvault_balcony, aquarium_subvault_window,
          aquarium_subvault_bridge, aquarium_subvault_bridge],
          aquarium_window_1, aquarium_window_corner, aquarium_window_1,
          aquarium_window_fake, aquarium_view_2e, aquarium_balcony_5a,
          aquarium_pool_1
D:3:      layout_rooms, nicolae_overflow_hidden_temple, serial_curves,
          eino_curves_03, eino_curves_03
D:4:      layout_loops_ring, lemuel_round_altar, minmay_temple_entry_arrows
D:5:      layout_loops_ring
D:6:      layout_loops_ring, grunt_ministairs_1, nicolae_shop_gadgets
D:7:      layout_basic, mainiacjoe_overflow_alcove_4, minmay_misc_feat_tiny,
          uniq_menkaure, uniq_maggie
D:8:      layout_basic, cheibrodos_worm_habitat,
          mainiacjoe_overflow_cross_hatched, dpeg_oklobed_lair,
          ebering_ghost_reflecting_pool, uniq_pikel
D:9:      layout_loops_ring, nicolae_overflow_squiral, nrook_mini_vaults,
          minmay_strange_pillars, hangedman_decor_riveting
Temple:   minmay_temple_bridge_abc

Skill      XL: |  1  2  3  4  5  6  7  8 |
---------------+-------------------------+-----
Axes           | 4 5 6 7 8 |  8.8
Fighting       | 3 4 5 |  5.1
Invocations    | 1 3 |  3.7
Throwing       | |  2.0
Dodging        | |  3.0

Action                   |  1- 3 |  4- 6 |  7- 9 || total
-------------------------+-------+-------+-------++-------
Melee: War axe           |   110 |   115 |    98 ||   323
       Punch             |     1 |     2 |     1 ||     4
Throw: Throwing net      |       |     6 |     2 ||     8
       Javelin           |       |     1 |     1 ||     2
Invok: Recite            |       |       |     3 ||     3
  Use: Scroll            |       |     1 |     1 ||     2
       Potion            |       |       |    10 ||    10
 Stab: Held in net/web   |       |       |     1 ||     1
       Invisible         |       |       |     3 ||     3
Armor: Leather armour    |    45 |       |       ||    45
       Scale mail        |     2 |    74 |    53 ||   129
Dodge: Dodged            |    84 |    69 |    53 ||   206

Table legend: (Time is in decaauts)
 A = Elapsed time spent in this place.
 B = Non-inter-level travel time spent in this place.
 C = Inter-level travel time spent in this place.
 D = Time resting spent in this place.
 E = Time spent auto-exploring this place.
 F = Levels seen in this place.
 G = Mean time per level.
                   A        B        C        D        E       F      G
               +--------+--------+--------+--------+--------+-----+--------+
         Total |   2431 |   2337 |     94 |     21 |      0 |  10 |  243.1 |
       Dungeon |   2375 |   2298 |     77 |     21 |      0 |   9 |  263.9 |
        Temple |     55 |     38 |     17 |      0 |      0 |   1 |   55.0 |
               +--------+--------+--------+--------+--------+-----+--------+

Top non-repeatable levels by time:
     D:4: 558 daAuts
     D:2: 396 daAuts
     D:1: 374 daAuts
     D:5: 244 daAuts
     D:3: 240 daAuts
     D:7: 188 daAuts
     D:6: 149 daAuts
     D:8: 122 daAuts
     D:9: 101 daAuts
  Temple: 55 daAuts
